[Event "Titled Tuesday Blitz November 22 Early 2022"]
[White "Zubkov, Vsevolod"]
[Black "Chuemsakul, Sarocha"]
[WhiteFideId "24136760"]
[BlackFideId "6203710"]
[WhiteElo "2148"]
[BlackElo "1686"]
[Result "1-0"]
[Round "01"]
[TimeControl "180+1"]
[Date "2022.11.23"]
[WhiteClock "0:00:42"]
[BlackClock "0:00:01"]

1. d4 d5 2. Nf3 Nf6 3. c4 dxc4 4. Qa4+ Nc6 5. Nc3 Nd5 6. Qxc4 Ndb4 7. Qb3 Be6 8. Qd1 Nxd4 9. Nxd4 Qxd4 10. Qxd4 Nc2+ 11. Kd1 Nxd4 12. e3 Nc6 13. Kc2 O-O-O 14. a3 Na5 15. e4 Nb3 16. Rb1 Nd4+ 17. Kd3 Bb3 18. Ke3 Bc2 19. Bd3 Bxb1 20. Bxb1 e6 21. b4 Nb3 22. Ba2 Nxc1 23. Rxc1 Kb8 24. Nb5 c6 25. Nc3 Be7 26. f4 Rd7 27. Ne2 Rhd8 28. Rc3 Bf6 29. e5 Be7 30. g4 g6 31. Bb3 Bh4 32. Bc4 Be1 33. Rb3 Bd2+ 34. Kf3 b6 35. Ng3 Kb7 36. Ne4 Bc1 37. Nd6+ Rxd6 38. exd6 Rxd6 39. Ke4 Rd1 40. Rh3 h5 41. gxh5 gxh5 42. Rxh5 b5 43. Bb3 Re1+ 44. Kf3 Rf1+ 45. Ke2 Rxf4 46. Rh7 Kb6 47. h4 Bxa3 48. h5 Bxb4 49. Rh8 Rh4 50. h6 1-0


[Site "https://www.chess.com"]

[Event "Titled Tuesday Blitz November 22 Early 2022"]
[White "monkins"]
[Black "Barria Zuniga, Daniel"]
[BlackFideId "3400816"]
[WhiteElo "2306"]
[BlackElo "2414"]
[Result "0-1"]
[Round "01"]
[TimeControl "180+1"]
[Date "2022.11.23"]
[WhiteClock "0:00:02"]
[BlackClock "0:00:41"]

1. Nf3 g6 2. c4 Bg7 3. g3 e6 4. Bg2 d5 5. O-O Ne7 6. d3 O-O 7. Nbd2 c5 8. Rb1 Nbc6 9. a3 a5 10. e4 b6 11. b3 Bb7 12. exd5 exd5 13. Bb2 d4 14. Re1 Qc7 15. Ng5 h6 16. Nh3 g5 17. Qh5 Rae8 18. Ne4 f6 19. f4 Qd7 20. fxg5 fxg5 21. Rf1 Nf5 22. Bc1 Ne5 23. Nhxg5 Nxd3 24. Qg6 hxg5 25. Nxg5 Rf6 26. Qh7+ Kf8 27. g4 Bxg2 0-1


[Site "https://www.chess.com"]

[Event "Titled Tuesday Blitz November 22 Early 2022"]
[White "Aarav Dengla"]
[Black "Ravot, Sylvain"]
[WhiteFideId "45059756"]
[BlackFideId "627763"]
[WhiteElo "2261"]
[BlackElo "2195"]
[Result "1-0"]
[Round "02"]
[TimeControl "180+1"]
[Date "2022.11.23"]
[WhiteClock "0:00:41"]
[BlackClock "0:00:02"]

1. e4 c5 2. Nf3 Nc6 3. d4 cxd4 4. Nxd4 g6 5. c4 Bg7 6. Be3 Nf6 7. Nc3 d6 8. Be2 O-O 9. O-O Bd7 10. f3 Nxd4 11. Bxd4 Bc6 12. Rc1 a5 13. b3 Nd7 14. Bxg7 Kxg7 15. Qd2 Nc5 16. Rb1 Qb6 17. Kh1 Qb4 18. Qb2 Kg8 19. Qc1 Kg7 20. a3 Qb6 21. b4 axb4 22. axb4 Na4 23. Nd1 Qd4 24. Rb3 Bd7 25. Ne3 Rfc8 26. Rd1 Qe5 27. Nd5 e6 28. f4 Qxe4 29. Bd3 Qd4 30. Bf1 1-0


[Site "https://www.chess.com"]

[Event "Titled Tuesday Blitz November 22 Early 2022"]
[White "Abdrlauf, Elham"]
[Black "Mihailidis, Anastasios"]
[WhiteFideId "1533533"]
[BlackFideId "4205588"]
[WhiteElo "2447"]
[BlackElo "2312"]
[Result "0-1"]
[Round "02"]
[TimeControl "180+1"]
[Date "2022.11.23"]
[WhiteClock "0:00:01"]
[BlackClock "0:00:21"]

1. d4 d5 2. e4 dxe4 3. f3 Nf6 4. fxe4 Nxe4 5. Nf3 e6 6. Bd3 Nf6 7. O-O Be7 8. Bg5 h6 9. Bh4 O-O 10. Nbd2 c5 11. dxc5 Bxc5+ 12. Kh1 Be7 13. Qe2 Nc6 14. Rad1 Qa5 15. Ne4 Nxe4 16. Qxe4 f5 17. Qe2 Bxh4 18. Nxh4 Qe5 19. Qf2 Qxb2 20. Rde1 Qf6 21. g4 g5 22. gxf5 gxh4 23. Qg2+ Qg5 24. Qe4 exf5 25. Qd5+ Kh8 26. Rg1 Qf6 27. Bc4 Ne7 28. Qf3 Bd7 29. Rxe7 Qxe7 30. Bd5 Bc6 31. Bxc6 bxc6 32. Rg6 Qe1+ 33. Kg2 Qe4 34. Rxh6+ Kg7 35. Qxe4 fxe4 36. Rxc6 Rac8 37. Re6 Rxc2+ 38. Kh3 Rxa2 39. Kg4 Rg2+ 40. Kh3 Rg6 41. Rxe4 a5 42. Kxh4 Rh8# 0-1


[Site "https://www.chess.com"]

[Event "Titled Tuesday Blitz November 22 Early 2022"]
[White "Adithya A Chullikkad"]
[Black "Shuvalov, Evgenij"]
[WhiteFideId "45078734"]
[BlackFideId "4187237"]
[WhiteElo "2106"]
[BlackElo "2049"]
[Result "0-1"]
[Round "02"]
[TimeControl "180+1"]
[Date "2022.11.23"]
[WhiteClock "0:00:13"]
[BlackClock "0:00:14"]

1. e4 e6 2. c4 d5 3. cxd5 exd5 4. exd5 Nf6 5. d4 Nxd5 6. Bd3 Nc6 7. Ne2 Bg4 8. f3 Bh5 9. O-O Be7 10. Nbc3 O-O 11. Be4 Nf6 12. Be3 Bg6 13. Qa4 Nxe4 14. fxe4 Bg5 15. Bxg5 Qxg5 16. Nf4 Rad8 17. Nxg6 hxg6 18. Nd5 Rd7 19. Rf3 Qg4 20. Rf4 Qe6 21. h3 Nxd4 22. Qxd4 c6 23. Rf6 Rxd5 24. exd5 Qxf6 25. Qxf6 gxf6 26. dxc6 bxc6 27. Rc1 Rc8 28. Rc5 Kf8 29. Kf2 Ke7 30. b4 Kd6 31. Ke3 Rb8 32. a3 Rb5 33. Rc3 a5 34. Rd3+ Ke6 35. Rc3 axb4 36. axb4 Kd6 37. Rc4 f5 38. Kf4 f6 39. h4 Rd5 40. Ke3 Rd1 41. g3 Kd5 42. Rc5+ Kd6 43. Rc4 Re1+ 44. Kf4 Rf1+ 45. Ke3 Rg1 46. Kf4 Re1 47. Kf3 Kd5 48. Rc5+ Kd6 49. Rc4 Re5 50. Kf4 Rb5 51. Ke3 Rd5 52. Kf4 Rb5 53. Ke3 g5 54. h5 Rb8 55. Rc5 Rh8 56. Rxf5 Ke6 57. Rc5 Kd6 58. g4 Re8+ 59. Kd4 Re1 60. Rf5 Ke6 61. Kc5 Rc1+ 62. Kb6 Rc4 63. h6 Rxb4+ 64. Kc7 Rxg4 65. Rc5 Rh4 66. Rxc6+ Kf5 67. Kd7 Rxh6 68. Ke7 g4 69. Rc5+ Kf4 70. Rc4+ Kg5 71. Ke6 f5+ 72. Ke5 Rh8 73. Kd4 Re8 74. Rc7 Kf4 75. Rg7 Rd8+ 76. Kc3 g3 77. Rg6 Ke4 78. Rxg3 f4 79. Rg1 f3 80. Rg7 Ke3 81. Re7+ Kf2 82. Rf7 Ke2 83. Re7+ Kf1 84. Rh7 f2 85. Rg7 Rd5 86. Kc4 Rd6 87. Kc3 Ke2 88. Re7+ Kf3 89. Rf7+ Ke3 90. Re7+ Kf3 91. Rf7+ Kg2 92. Rg7+ Kf1 93. Re7 Rg6 94. Re8 Kg1 95. Re2 f1=Q 96. Rd2 Rg3+ 97. Kc2 Rg2 98. Kc3 Rxd2 99. Kxd2 Qf2+ 100. Kc3 Kg2 101. Kb4 Qf3 102. Ka5 Kg3 103. Kb6 Qf4 104. Ka7 Kg4 105. Ka8 Qf3+ 106. Ka7 Qc6 107. Kb8 Qd7 108. Ka8 Kf5 109. Kb8 Ke5 110. Ka8 Kd6 111. Kb8 Kc6 112. Ka8 Kb6 113. Kb8 Qb7# 0-1


[Site "https://www.chess.com"]

[Event "Titled Tuesday Blitz November 22 Early 2022"]
[White "Agasarov, Benik"]
[Black "Fedoseev, Vladimir"]
[WhiteFideId "13314823"]
[BlackFideId "24130737"]
[WhiteElo "2178"]
[BlackElo "2726"]
[Result "0-1"]
[Round "02"]
[TimeControl "180+1"]
[Date "2022.11.22"]
[WhiteClock "0:00:05"]
[BlackClock "0:00:36"]

1. d4 d5 2. c4 c6 3. Nf3 Nf6 4. Nc3 dxc4 5. a4 e6 6. e3 c5 7. Bxc4 Be7 8. O-O O-O 9. e4 cxd4 10. Nxd4 Qc7 11. Qe2 a6 12. e5 Nfd7 13. Bf4 Nc6 14. Nxc6 bxc6 15. Rfd1 a5 16. Rac1 Rd8 17. h3 Qb6 18. Ne4 Ba6 19. Bxa6 Rxa6 20. Be3 c5 21. Nxc5 Nxc5 22. Rxd8+ Qxd8 23. Rxc5 Bxc5 24. Qxa6 Bxe3 25. fxe3 h5 26. Qd6 Qc8 27. Kh2 h4 28. Qd4 Qb8 29. Qc3 Qb6 30. Qd4 Qc7 31. Qc3 Qd8 32. b4 axb4 33. Qxb4 g5 34. a5 Qc7 35. Qb5 Qc3 36. Qe8+ Kg7 37. Qb8 Qxa5 38. Qd6 Qc3 39. Qd4 Qxd4 40. exd4 Kg6 41. g4 hxg3+ 42. Kxg3 Kh5 43. Kf3 Kh4 44. Kg2 g4 45. hxg4 Kxg4 46. Kf2 Kf4 47. Kg2 Ke4 48. Kg3 Kxd4 49. Kf4 Kd5 0-1


[Site "https://www.chess.com"]

[Event "Titled Tuesday Blitz November 22 Early 2022"]
[White "Ai, Evan"]
[Black "Seo, Jung Min"]
[WhiteFideId "2094770"]
[BlackFideId "1734687"]
[WhiteElo "1963"]
[BlackElo "2455"]
[Result "0-1"]
[Round "02"]
[TimeControl "180+1"]
[Date "2022.11.23"]
[WhiteClock "0:00:08"]
[BlackClock "0:00:58"]

1. e4 e5 2. Nf3 Nc6 3. Bb5 a6 4. Ba4 Nf6 5. O-O Be7 6. Re1 b5 7. Bb3 O-O 8. a4 Bb7 9. d3 d6 10. Nc3 Na5 11. Ba2 b4 12. Ne2 c5 13. h3 Bc8 14. g4 Be6 15. Ng3 Bxa2 16. Rxa2 g6 17. Bh6 Re8 18. Ng5 Nd7 19. h4 f6 20. Ne6 Qc8 21. f4 exf4 22. Nxf4 Nb6 23. Qf3 b3 24. Ra3 bxc2 25. Rc3 Nc6 26. Nfe2 Ne5 27. Qf4 Nxa4 28. Rxc2 Nxd3 29. Qd2 Nxe1 30. Qd5+ Kh8 31. Qf7 Bf8 32. Nf5 Nf3+ 33. Kf2 gxf5 34. Qxf6+ Kg8 35. Kxf3 fxg4+ 36. Kg3 Qe6 37. Qg5+ Qg6 38. Qd5+ Qf7 39. Qg5+ Bg7 40. Nf4 Rxe4 41. Bxg7 Qxf4+ 42. Qxf4 Rxf4 43. Kxf4 Kxg7 44. Kxg4 Rb8 45. Rd2 Rb6 46. Re2 Rb7 47. Re6 Rd7 48. b3 Nb6 49. Re8 Nd5 50. Ra8 Nc7 51. Ra7 d5 52. Kf5 d4 0-1


[Site "https://www.chess.com"]

[Event "Titled Tuesday Blitz November 22 Early 2022"]
[White "Aizpurua, Patrick Emilio"]
[Black "Vakhlamov, Igor L."]
[WhiteFideId "6600522"]
[BlackFideId "24126748"]
[WhiteElo "2378"]
[BlackElo "2401"]
[Result "1-0"]
[Round "02"]
[TimeControl "180+1"]
[Date "2022.11.23"]
[WhiteClock "0:00:26"]
[BlackClock "0:00:17"]

1. d4 d5 2. c4 e6 3. Nf3 Nf6 4. g3 c5 5. cxd5 cxd4 6. dxe6 Bxe6 7. Qxd4 Nc6 8. Qa4 a6 9. Bg2 b5 10. Qh4 Be7 11. O-O O-O 12. Ng5 Bd5 13. e4 Bc4 14. Re1 h6 15. Nf3 Nb4 16. Na3 Nd3 17. Rd1 Nd5 18. Qh5 Bxa3 19. exd5 Bc5 20. Be3 Bxe3 21. fxe3 Qb6 22. Nd4 Nxb2 23. Rd2 Nd3 24. Rad1 Nb4 25. Nf5 g6 26. Qxh6 Qf6 27. Rf2 Rfe8 28. d6 Rad8 29. Rd4 Qh8 30. Ne7+ Rxe7 31. Qxh8+ Kxh8 32. dxe7 Re8 33. Rd8 Nd5 34. Rxe8+ Kg7 35. Bxd5 Bxd5 36. Rd8 b4 37. Rxd5 b3 38. axb3 a5 39. Rxa5 f5 40. e8=Q f4 41. Qe7+ Kh6 42. Qh4+ Kg7 43. Ra7+ Kg8 44. Qd8# 1-0


[Site "https://www.chess.com"]

[Event "Titled Tuesday Blitz November 22 Early 2022"]
[White "Ajay, Karthikeyan"]
[Black "Chong, Kai Ni Agnes"]
[WhiteFideId "35011685"]
[BlackFideId "5722071"]
[WhiteElo "2337"]
[BlackElo "1762"]
[Result "1-0"]
[Round "02"]
[TimeControl "180+1"]
[Date "2022.11.23"]
[WhiteClock "0:01:21"]
[BlackClock "0:00:01"]

1. e4 c5 2. Nf3 d6 3. Bb5+ Nc6 4. O-O Bd7 5. Re1 a6 6. Bf1 Nf6 7. c3 Bg4 8. h3 Bxf3 9. Qxf3 e6 10. d3 Be7 11. Be3 O-O 12. Nd2 Rc8 13. d4 cxd4 14. cxd4 Nb4 15. Rec1 Nc2 16. Rab1 Nxe3 17. Qxe3 d5 18. e5 Nd7 19. Bd3 h6 20. Rxc8 Qxc8 21. Nf1 Nb6 22. Rd1 Nc4 23. Qe2 b5 24. Bb1 Qd7 25. g3 Rc8 26. h4 g6 27. h5 Kg7 28. hxg6 fxg6 29. Qg4 Qe8 30. Qxe6 Bg5 31. Qxe8 Rxe8 32. f4 Be7 33. b3 Nb6 34. Rc1 Bb4 35. Kf2 Rc8 36. Rxc8 Nxc8 37. Ne3 Ne7 38. Ke2 h5 39. a4 Kf7 40. axb5 axb5 41. Bd3 Bc3 42. Bxb5 Bxd4 43. Kd3 1-0


[Site "https://www.chess.com"]

[Event "Titled Tuesday Blitz November 22 Early 2022"]
[White "Akbas, Umut Ata"]
[Black "Mujumdar, Sameer"]
[WhiteFideId "44572646"]
[BlackFideId "2029707"]
[WhiteElo "2192"]
[BlackElo "2104"]
[Result "1-0"]
[Round "02"]
[TimeControl "180+1"]
[Date "2022.11.23"]
[WhiteClock "0:02:28"]
[BlackClock "0:01:49"]

1. c4 Nf6 2. Nc3 g6 3. g3 Bg7 4. Bg2 O-O 5. e3 d6 6. Nge2 Nbd7 7. O-O e5 8. Rb1 Nc5 9. d3 a5 10. b3 Bf5 11. e4 Bg4 12. f3 Bd7 13. Be3 b6 14. d4 exd4 15. Bxd4 Re8 16. Qd2 Qc8 17. Rfe1 Bh3 18. Bh1 h5 19. Nf4 Bd7 20. Nfd5 Nxd5 21. Nxd5 Be6 22. Bxg7 Bxd5 23. Qh6 1-0


[Site "https://www.chess.com"]

[Event "Titled Tuesday Blitz November 22 Early 2022"]
[White "Aldokhin, Ivan"]
[Black "Chirilov, James A"]
[WhiteFideId "24115720"]
[BlackFideId "30976677"]
[WhiteElo "2313"]
[BlackElo "1790"]
[Result "1-0"]
[Round "02"]
[TimeControl "180+1"]
[Date "2022.11.23"]
[WhiteClock "0:00:08"]
[BlackClock "0:00:05"]

1. e4 c5 2. Nf3 d6 3. d4 cxd4 4. Nxd4 Nf6 5. Nc3 a6 6. Bc4 e6 7. Bb3 b5 8. O-O Bb7 9. Re1 Nc6 10. Nxc6 Bxc6 11. a4 b4 12. Nd5 a5 13. Bg5 h6 14. Bxf6 gxf6 15. Nf4 Qb6 16. Nd5 Qd8 17. Qh5 Rg8 18. h4 Bb7 19. Nf4 Ke7 20. Rad1 Qb6 21. Nd5+ Bxd5 22. exd5 e5 23. Rd3 Rg6 24. Rf3 Rc8 25. Re4 Kd8 26. Qf5 Be7 27. Bc4 Qc5 28. Ba6 Ra8 29. Rc4 Rxa6 30. Rxc5 dxc5 31. Qd3 Rb6 32. h5 Rg5 33. Qh7 Rxh5 34. Qg8+ Kd7 35. Qa8 e4 36. Qa7+ Ke8 37. Qxb6 exf3 38. Qc6+ Kf8 39. d6 Bd8 40. Qc8 Ke8 41. Qc6+ Kf8 42. Qxf3 Re5 43. Qa8 Ke8 44. Qc6+ Kf8 45. Qd7 Re8 46. g3 h5 47. Kg2 Bb6 48. b3 c4 49. Qc6 Ba7 50. bxc4 Re2 51. Qa8+ Kg7 52. Qxa7 Rd2 53. d7 b3 54. cxb3 f5 55. c5 f4 56. gxf4 h4 57. c6 h3+ 58. Kxh3 Rd6 59. Qc5 Rh6+ 60. Kg3 Rg6+ 61. Kf3 1-0


[Site "https://www.chess.com"]

[Event "Titled Tuesday Blitz November 22 Early 2022"]
[White "Alekseenko, Kirill"]
[Black "Gabdrakhmanov, Azat"]
[WhiteFideId "4135539"]
[BlackFideId "34189197"]
[WhiteElo "2682"]
[BlackElo "2254"]
[Result "1-0"]
[Round "02"]
[TimeControl "180+1"]
[Date "2022.11.22"]
[WhiteClock "0:00:36"]
[BlackClock "0:00:10"]

1. e4 c5 2. Nf3 e6 3. d4 cxd4 4. Nxd4 a6 5. Nc3 Qc7 6. Be2 Nf6 7. O-O d6 8. f4 Be7 9. Be3 Nbd7 10. Qe1 b5 11. a3 Bb7 12. Bf3 O-O 13. Qg3 Rab8 14. Rae1 Kh8 15. Kh1 Rfe8 16. Bg1 e5 17. Nf5 Bf8 18. fxe5 Nxe5 19. Bd1 g6 20. Qh4 gxf5 21. Qxf6+ Bg7 22. Qxf5 Nc4 23. Rf3 Re5 24. Qxf7 Re7 25. Qh5 Nxb2 26. Nd5 Bxd5 27. Qxd5 Nxd1 28. Qxd1 Rbe8 29. Rh3 Qc4 30. Qh5 h6 31. Rh4 Rxe4 32. Qxe8+ Rxe8 33. Rxe8+ 1-0


[Site "https://www.chess.com"]

[Event "Titled Tuesday Blitz November 22 Early 2022"]
[White "Aloma Vidal, Robert"]
[Black "Sarana, Alexey"]
[WhiteFideId "2260409"]
[BlackFideId "24133795"]
[WhiteElo "2435"]
[BlackElo "2708"]
[Result "0-1"]
[Round "02"]
[TimeControl "180+1"]
[Date "2022.11.22"]
[WhiteClock "0:00:21"]
[BlackClock "0:00:32"]

1. e4 c5 2. c3 d5 3. exd5 Qxd5 4. d4 Nc6 5. Nf3 Bf5 6. Be2 Nf6 7. O-O cxd4 8. cxd4 e6 9. Nc3 Qd6 10. Nb5 Qd7 11. Bf4 Nd5 12. Bg3 Be7 13. Ne5 Nxe5 14. dxe5 O-O 15. Nd6 Bxd6 16. exd6 f6 17. Bc4 Nb6 18. Bb3 Kh8 19. a4 e5 20. a5 Nc8 21. Qd5 Nxd6 22. Rfd1 Rad8 23. a6 b6 24. f4 e4 25. Ra4 Qe7 26. Rad4 e3 27. Qf3 e2 28. Re1 Ne4 29. Rxd8 Rxd8 30. Qxe2 Qb4 31. Bc2 Rd2 32. Rd1 Qc5+ 33. Bf2 Qxc2 34. Rxd2 Qxd2 35. Qc4 Qd1+ 0-1


[Site "https://www.chess.com"]

[Event "Titled Tuesday Blitz November 22 Early 2022"]
[White "Ansh M Shah"]
[Black "Salinas Herrera, Pablo"]
[WhiteFideId "25033379"]
[BlackFideId "3407128"]
[WhiteElo "2084"]
[BlackElo "2557"]
[Result "1-0"]
[Round "02"]
[TimeControl "180+1"]
[Date "2022.11.23"]
[WhiteClock "0:00:18"]
[BlackClock "0:00:03"]

1. d4 d5 2. c4 c6 3. cxd5 cxd5 4. Nc3 Nc6 5. Bf4 Nf6 6. e3 a6 7. Nf3 Bg4 8. Rc1 e6 9. Qb3 Ra7 10. Ne5 Nxe5 11. Bxe5 Bd6 12. Qa4+ Ke7 13. Nb5 axb5 14. Qxa7 Bb4+ 15. Rc3 Qd7 16. Be2 Bxe2 17. Kxe2 Bxc3 18. bxc3 Rc8 19. Rb1 Rxc3 20. a4 Rc2+ 21. Kf3 Ne4 22. Rxb5 Rxf2+ 23. Kg4 Nd6 24. Bxd6+ Qxd6 25. Rxb7+ Kf6 26. Rxf7+ Kg6 27. Rxg7+ Kh6 28. Rxh7+ Kg6 29. Qg7# 1-0


[Site "https://www.chess.com"]

[Event "Titled Tuesday Blitz November 22 Early 2022"]
[White "Arbunic Castro, Giovanna"]
[Black "Stijve, Theo"]
[WhiteFideId "3400549"]
[BlackFideId "1331132"]
[WhiteElo "1954"]
[BlackElo "2256"]
[Result "0-1"]
[Round "02"]
[TimeControl "180+1"]
[Date "2022.11.23"]
[WhiteClock "0:00:42"]
[BlackClock "0:00:53"]

1. e4 c6 2. d4 d5 3. e5 Bf5 4. Nf3 e6 5. Be2 h6 6. a3 Nd7 7. Nbd2 c5 8. dxc5 Bxc5 9. b4 Bb6 10. Bb2 Ne7 11. c4 dxc4 12. Nxc4 Bc7 13. Nd6+ Bxd6 14. exd6 Nd5 15. O-O O-O 16. Bc4 N7f6 17. Bxd5 Nxd5 18. Qd4 f6 19. Qc5 Qb6 20. Nd4 Rac8 21. Qxb6 axb6 22. Nxf5 exf5 23. Rfd1 Nf4 24. Kf1 Rfd8 25. Rd4 Ne6 26. Rd5 Rc2 27. Re1 Nc7 28. dxc7 Rxd5 29. Re8+ Kf7 30. c8=Q Rd1+ 31. Re1 Rxe1+ 32. Kxe1 Rxc8 33. Bd4 Ra8 34. Bxb6 Rxa3 35. Bc5 Ra2 0-1


[Site "https://www.chess.com"]

[Event "Titled Tuesday Blitz November 22 Early 2022"]
[White "Artemenko, Oleg"]
[Black "Castellanos Hernandez, Emilio Au"]
[WhiteFideId "14201798"]
[BlackFideId "5114179"]
[WhiteElo "2287"]
[BlackElo "2037"]
[Result "1-0"]
[Round "02"]
[TimeControl "180+1"]
[Date "2022.11.23"]
[WhiteClock "0:00:46"]
[BlackClock "0:00:47"]

1. d4 d5 2. Nc3 Nf6 3. Bf4 a6 4. e3 Bf5 5. f3 e6 6. g4 Bg6 7. h4 h5 8. g5 Nfd7 9. Bd3 Bxd3 10. cxd3 c5 11. dxc5 Bxc5 12. d4 Bb4 13. Ne2 Nc6 14. Qb3 Nf8 15. a3 Bd6 16. Bxd6 Qxd6 17. Nf4 b5 18. Rc1 Nxd4 19. Qd1 Nf5 20. Qd2 Nd7 21. Kf2 Rd8 22. Nce2 g6 23. Nd4 Nxd4 24. exd4 O-O 25. Nd3 e5 26. Nb4 e4 27. Rc6 Qe7 28. Nxd5 Qe8 29. Re1 Kh8 30. Rxe4 Ne5 31. Rc5 Ng4+ 32. Kg3 Qd7 33. fxg4 hxg4 34. Nf6 Qd6+ 35. Rce5 Rc8 36. h5 gxh5 37. Qh2 Kg7 38. Nxh5+ Kg6 39. Nf4+ Kg7 40. Qh6+ Qxh6 41. gxh6+ Kxh6 42. Rh5+ Kg7 43. Rg5+ Kf6 44. Kxg4 Rfd8 45. Nh5# 1-0


[Site "https://www.chess.com"]

[Event "Titled Tuesday Blitz November 22 Early 2022"]
[White "Baches Garcia, Guillermo"]
[Black "Nissinen, Niilo Man"]
[WhiteFideId "2209764"]
[BlackFideId "30950767"]
[WhiteElo "2439"]
[BlackElo "1896"]
[Result "1-0"]
[Round "02"]
[TimeControl "180+1"]
[Date "2022.11.23"]
[WhiteClock "0:00:26"]
[BlackClock "0:00:06"]

1. e4 c5 2. Nf3 Nc6 3. d4 cxd4 4. Nxd4 Nf6 5. Nc3 e5 6. Ndb5 d6 7. Nd5 Nxd5 8. exd5 Nb8 9. a4 Be7 10. Be2 O-O 11. Bd2 a6 12. Na3 f5 13. a5 Bf6 14. Nc4 f4 15. Bb4 Be7 16. Nb6 Ra7 17. Bg4 Nd7 18. Be6+ Kh8 19. Nxc8 Qxc8 20. c3 Qc7 21. O-O e4 22. Qd4 Nc5 23. Bxc5 dxc5 24. Qxe4 b5 25. axb6 Qxb6 26. Rad1 Bd6 27. Rd3 Qxb2 28. Rh3 g5 29. Bf5 Rff7 30. Qe8+ Bf8 31. Rxh7+ Kg8 32. Rxf7 Rxf7 33. Be6 Qb7 34. Qxf7+ Qxf7 35. Bxf7+ Kxf7 36. Ra1 1-0


[Site "https://www.chess.com"]

[Event "Titled Tuesday Blitz November 22 Early 2022"]
[White "Barp, Alberto"]
[Black "Kravtsiv, Martyn"]
[WhiteFideId "872555"]
[BlackFideId "14113147"]
[WhiteElo "2313"]
[BlackElo "2694"]
[Result "0-1"]
[Round "02"]
[TimeControl "180+1"]
[Date "2022.11.23"]
[WhiteClock "0:00:17"]
[BlackClock "0:00:23"]

1. d4 d5 2. c4 e6 3. Nf3 Nf6 4. g3 Bb4+ 5. Bd2 Be7 6. Bg2 O-O 7. O-O c6 8. Qc2 Nbd7 9. Rd1 a5 10. Bf4 b5 11. Ne5 Bb7 12. Nxd7 Qxd7 13. c5 Nh5 14. Bd2 f5 15. a3 Bd8 16. b4 a4 17. e3 Bc7 18. Bc3 g5 19. Nd2 Qg7 20. Nf3 Rae8 21. Ne5 Kh8 22. Qe2 Nf6 23. f3 Rg8 24. Rf1 Ref8 25. Rae1 g4 26. f4 h5 27. Kf2 h4 28. Rg1 Qh6 29. Ref1 Nh5 30. Qe1 Rg7 31. Ke2 Rh7 32. Kd2 Rg8 33. Kc1 Bxe5 34. dxe5 Bc8 35. Bd4 Bd7 36. Kb2 Rg6 37. Kc3 Qg7 38. Kb2 Rgh6 39. Qf2 Qe7 40. Kc3 Be8 41. Re1 Bg6 42. Rd1 Kg8 43. Rde1 Kf8 44. Rd1 Ke8 45. Rde1 Qf8 46. Ref1 Qh8 47. Re1 Ng7 48. Ref1 hxg3 49. hxg3 Rh2 50. Qe1 Kd7 51. Qf2 Bf7 52. Qe1 R7h6 53. Qf2 R6h3 54. Qe1 Rh6 55. Qf2 R6h3 56. Qe1 Bh5 57. Kb2 Qh6 58. Ka1 Ke8 59. Qf2 Bg6 60. Qe1 Kf7 61. Bb2 Qh7 62. Bd4 Nh5 63. Bxh3 gxh3 64. Rh1 Rxh1 65. Rxh1 Ng7 66. Qf1 Qh5 67. Rxh3 Qg4 68. Kb2 Nh5 69. Kc3 Nxg3 70. Qg2 Ne4+ 71. Qxe4 0-1


[Site "https://www.chess.com"]

[Event "Titled Tuesday Blitz November 22 Early 2022"]
[White "Barria Zuniga, Daniel"]
[Black "Tabatabaei, M. Amin"]
[WhiteFideId "3400816"]
[BlackFideId "12521213"]
[WhiteElo "2414"]
[BlackElo "2557"]
[Result "0-1"]
[Round "02"]
[TimeControl "180+1"]
[Date "2022.11.22"]
[WhiteClock "0:00:01"]
[BlackClock "0:00:24"]

1. d4 e6 2. c4 b6 3. Nf3 Bb7 4. g3 Bb4+ 5. Nbd2 Bxf3 6. exf3 Qf6 7. Bg2 Qxd4 8. O-O Nf6 9. f4 Nc6 10. Qa4 Bxd2 11. Rd1 Ne4 12. Bxe4 Qxe4 13. Bxd2 Nd4 14. Be3 Nf3+ 15. Kf1 Nxh2+ 16. Kg1 Nf3+ 17. Kf1 c6 18. Rd6 h5 19. Rad1 h4 20. Rxd7 hxg3 21. Qb4 g2+ 22. Ke2 c5 23. Qa4 O-O 24. Qb3 Nd4+ 25. R7xd4 cxd4 26. Rxd4 Qxd4 27. Bxd4 g1=Q 28. Qg3 Qxg3 29. fxg3 Rfd8 0-1


[Site "https://www.chess.com"]

[Event "Titled Tuesday Blitz November 22 Early 2022"]
[White "Bashirli, Saadat"]
[Black "Kouskoutis, Georgios-Alexandros"]
[WhiteFideId "13429990"]
[BlackFideId "4234049"]
[WhiteElo "1408"]
[BlackElo "2187"]
[Result "1-0"]
[Round "02"]
[TimeControl "180+1"]
[Date "2022.11.23"]
[WhiteClock "0:00:02"]
[BlackClock "0:00:01"]

1. d4 Nf6 2. c4 e6 3. Nc3 Bb4 4. e3 O-O 5. Bd3 b6 6. Ne2 Bb7 7. O-O d5 8. a3 Bxc3 9. Nxc3 dxc4 10. Bxc4 Nbd7 11. Bd2 e5 12. dxe5 Nxe5 13. Be2 Ne4 14. Nxe4 Bxe4 15. Bc3 Qg5 16. g3 Rad8 17. Qa4 Nf3+ 18. Bxf3 Bxf3 19. Qf4 Qxf4 20. exf4 Rfe8 21. Rfe1 f6 22. Rac1 c5 23. Re3 Bc6 24. Rce1 Kf7 25. Rxe8 Rxe8 26. Rxe8 Kxe8 27. Kf1 Kf7 28. Ke2 Ke6 29. Ke3 g6 30. g4 f5 31. h3 Kd5 32. b3 a5 33. Be5 a4 34. bxa4 Bxa4 35. Kd3 fxg4 36. hxg4 h5 37. gxh5 gxh5 38. Bf6 Bd7 39. Bg5 b5 40. f3 Ke6 41. Ke4 Bc6+ 42. Ke3 Kd5 43. f5 Kc4 44. f6 Be8 45. Ke4 Kb3 46. Ke5 Kxa3 47. Ke6 c4 48. Ke7 Bg6 49. f7 Bxf7 50. Kxf7 c3 51. f4 c2 52. f5 h4 53. f6 h3 54. Kg7 h2 55. f7 h1=Q 56. f8=Q+ Ka2 57. Qf7+ Kb2 58. Qf6+ Kb3 59. Qe6+ Kc3 60. Bf6+ Kd2 61. Qd6+ Kc1 62. Bg5+ Kb1 63. Qb4+ Ka2 64. Qa5+ Kb1 65. Qxb5+ Ka2 66. Qa4+ Kb2 67. Qb4+ Ka2 68. Qc4+ Kb2 69. Qd4+ Kb1 70. Qb4+ Ka2 71. Qa4+ Kb2 72. Bf6+ Kb1 73. Qb4+ Ka2 74. Bg5 1-0


[Site "https://www.chess.com"]

[Event "Titled Tuesday Blitz November 22 Early 2022"]
[White "Baskakov, Egor"]
[Black "Bilan, Danila"]
[WhiteFideId "24197866"]
[BlackFideId "24161918"]
[WhiteElo "2211"]
[BlackElo "2173"]
[Result "1-0"]
[Round "02"]
[TimeControl "180+1"]
[Date "2022.11.23"]
[WhiteClock "0:01:03"]
[BlackClock "0:00:03"]

1. e4 c6 2. d4 d5 3. e5 c5 4. c4 e6 5. Nf3 Nc6 6. Nc3 dxc4 7. d5 exd5 8. Nxd5 Be6 9. Nf4 Qxd1+ 10. Kxd1 O-O-O+ 11. Bd2 Bg4 12. Bxc4 Nxe5 13. Be2 Bxf3 14. gxf3 Nf6 15. Kc2 Nc6 16. Rae1 Nd4+ 17. Kc1 Bd6 18. Be3 Bxf4 19. Bxf4 Nxe2+ 20. Rxe2 Rhe8 21. Rc2 b6 22. b4 Nd5 23. Bd2 Kb7 24. bxc5 bxc5 25. Rxc5 Rc8 26. Rxc8 Rxc8+ 27. Kd1 Kc6 28. Rg1 g6 29. Rg4 Kd6 30. Rh4 h5 31. Ra4 Rc7 32. Ra6+ Ke5 33. Ke2 Rd7 34. Be3 Nxe3 35. fxe3 g5 36. Ra5+ Kf6 37. h4 gxh4 38. Rxh5 Rb7 39. Rxh4 Rb2+ 40. Kd3 Rxa2 41. Rh6+ Ke7 42. f4 Ra3+ 43. Ke4 Ra4+ 44. Kf3 Ra3 45. f5 a5 46. Ra6 Ra1 47. Kf4 a4 48. Ke5 a3 49. Ra7+ Ke8 50. e4 a2 51. Kf6 Re1 52. Rxa2 Rxe4 53. Ra8+ Kd7 54. Kxf7 Rg4 55. f6 Rg1 56. Ra7+ Kd8 57. Ra2 Rd1 58. Rg2 Kd7 59. Kg7 Ke6 60. f7 Rd7 61. Re2+ Kf5 62. Kg8 1-0


[Site "https://www.chess.com"]

[Event "Titled Tuesday Blitz November 22 Early 2022"]
[White "Beerdsen, Thomas"]
[Black "Jimenez Almeida, Luis David"]
[WhiteFideId "1030108"]
[BlackFideId "22242244"]
[WhiteElo "2567"]
[BlackElo "2158"]
[Result "0-1"]
[Round "02"]
[TimeControl "180+1"]
[Date "2022.11.23"]
[WhiteClock "0:01:35"]
[BlackClock "0:00:42"]

1. e4 c6 2. Nc3 g6 3. Nf3 Bg7 4. h4 h5 5. Bc4 d6 6. Ng5 e6 7. Bb3 Nf6 8. d4 O-O 9. f3 e5 10. Be3 a5 11. Qd2 Qe7 12. O-O-O b5 13. a4 b4 14. Ne2 Nbd7 15. dxe5 dxe5 16. Qd6 Qxd6 17. Rxd6 Ba6 18. Ng3 c5 19. Bxf7+ Rxf7 20. Nxf7 Kxf7 21. Rhd1 Ra7 22. b3 Bf8 23. Rc6 Ra8 24. Bg5 Be7 25. Rc7 Ke6 26. Nh1 c4 27. Kb1 cxb3 28. cxb3 Rc8 29. Ra7 Rc6 30. Nf2 Bc5 31. Nh3 Bxa7 0-1


[Site "https://www.chess.com"]